 Dungeon Crawl Stone Soup version 0.25-a0-930-g9f5dfa9815 (webtiles) character file.

Game seed: 11133058666082838204, levelgen mode: deterministic

174139 mortelune the Markscentaur (level 17, -10/168 HPs)
             Began as a Centaur Hunter on May 3, 2020.
             Was an Initiate of Gozag.
             Mangled by a wolf spider (12 damage)
             ... on level 4 of the Spider Nest.
             The game lasted 02:13:15 (56872 turns).

mortelune the Markscentaur (Centaur Hunter)        Turns: 56872, Time: 02:13:15

Health: -10/168    AC: 23    Str: 22    XL:     17   Next: 44%
Magic:  0/18       EV:  8    Int: 10    God:    Gozag
Gold:   1281       SH:  0    Dex: 10    Spells: 11/18 levels left

rFire    + . .     SeeInvis .   a - +4 longbow (flame)
rCold    . . .     Gourm    +   (shield currently unavailable)
rNeg     + . .     Faith    .   N - +4 scale mail
rPois    +         Spirit   +   y - +2 hat
rElec    .         Reflect  .   H - scarf {Spirit}
rCorr    .         Harm     .   L - +0 pair of gloves
MR       ++...                  (no barding)
Stlth    ..........             p - amulet of Ynodwokk {Gourm rF+ rN+ MR+}
HPRegen  0.38/turn              P - ring of poison resistance
MPRegen  0.16/turn              S - ring of Robustness {AC+8}

@: lethally poisoned (-10 -> -16), gold aura, very quick
A: large, hooves 3, deformed body, speed 2, tough skin 3
a: Potion Petition, Call Merchant, Bribe Branch, Renounce Religion


You were on level 4 of the Spider Nest.
You worshipped Gozag.
Gozag was most pleased with you.
You were not hungry.

You visited 6 branches of the dungeon, and saw 31 of its levels.

You collected 12150 gold pieces.
You spent 7337 gold pieces at shops.
You paid 3532 gold pieces to Gozag.

Inventory:

Hand Weapons
 a - a +4 longbow of flaming (weapon)
 b - a +2 lajatang of draining
 M - the +7 arbalest "Death Rattle" {freeze, *Slow Str+6}
   (You bought it in a shop on level 1 of the Orcish Mines)

   It causes projectiles fired from it to freeze those they strike, causing
   extra injury to most foes and up to half again as much damage against
   particularly susceptible opponents.
   They can also slow down cold-blooded creatures.
   It affects your strength (+6).
   It may slow you when you take damage.
 X - a +3 lajatang
Missiles
 r - 11 atropa-tipped darts
 Q - 179 arrows (quivered)
Armour
 y - a +2 hat (worn)
 H - a scarf of spirit shield (worn)
 J - the +0 ring mail "Maqisimu" {rC+ Slay+3 SInv}
   (You found it on level 6 of the Lair of Beasts)

   It affects your accuracy and damage with ranged weapons and melee attacks
   (+3).
   It protects you from cold.
   It lets you see invisible.
 L - a +0 pair of gloves (worn)
 N - a +4 scale mail (worn)
 Y - a +0 hat of see invisible
Jewellery
 g - an uncursed ring of ice
 l - the ring of the Mage {Wiz MR++ Int+3}
   (You bought it in a shop on level 8 of the Dungeon)

   [ring of wizardry]

   It improves your spell success rate.
   It affects your intelligence (+3).
   It affects your resistance to hostile enchantments.
 p - the amulet of Ynodwokk (around neck) {Gourm rF+ rN+ MR+}
   (You bought it in a shop on level 8 of the Dungeon)

   [amulet of the gourmand]

   It allows you to eat raw meat even when not hungry.
   It protects you from fire.
   It protects you from negative energy.
   It affects your resistance to hostile enchantments.
 F - an uncursed ring of protection from fire
 P - a ring of poison resistance (left hand)
 S - the ring of Robustness (right hand) {AC+8}
   (You bought it in a shop on level 8 of the Dungeon)

   [ring of protection]

   It affects your AC (+8).
 W - an uncursed ring of fire
Wands
 d - a wand of disintegration (20)
 m - a wand of iceblast (10)
 D - a wand of digging (11)
 E - a wand of enslavement (16)
 G - a wand of acid (1)
 U - a wand of paralysis (16)
Scrolls
 c - a scroll of amnesia
 e - 2 scrolls of fear
 f - a scroll of fog
 i - 5 scrolls of identify
 o - 8 scrolls of enchant armour
 t - 13 scrolls of teleportation
 u - a scroll of brand weapon
 v - 2 scrolls of magic mapping
 x - 5 scrolls of remove curse
 B - 3 scrolls of blinking
 O - 2 scrolls of silence
 R - 2 scrolls of holy word
 V - 3 scrolls of immolation
Potions
 h - a potion of curing
 k - 2 potions of mutation
 n - 2 potions of magic
 q - 2 potions of heal wounds
 s - 3 potions of brilliance
 w - 2 potions of invisibility
 z - 4 potions of haste
 A - 4 potions of lignification
 I - 4 potions of stabbing
 K - 2 potions of might
 T - 2 potions of flight
 Z - 2 potions of cancellation
Miscellaneous
 j - 2 phantom mirrors
Comestibles
 C - 24 rations


   Skills:
 + Level 19.0 Fighting
   Level 9.0(12.1) Maces & Flails
 - Level 13.0(14.0) Staves
 - Level 20.2 Bows
 + Level 8.7 Armour
 * Level 2.1 Dodging
 - Level 0.4 Stealth
 * Level 1.2 Spellcasting
 * Level 9.3 Translocations


You had 11 spell levels left.
You knew the following spells:

 Your Spells              Type           Power        Failure   Level  Hunger
a - Blink                 Tloc           N/A          2%          2    ###....
b - Portal Projectile     Hex/Tloc       #.....       34%         3    ####...
c - Swiftness             Chrm/Air       #.......     75%         2    ###....

Your spell library contained the following spells:

 Spells                   Type           Power        Failure   Level  Hunger
 Apportation              Tloc           ###...       1%          1    ##.....
 Lesser Beckoning         Tloc           ###.......   4%          3    ####...
 Animate Skeleton         Necr           N/A          61%         1    ##.....
 Corona                   Hex            #......      61%         1    ##.....
 Magic Dart               Conj           #...         61%         1    ##.....
 Pain                     Necr           #...         61%         1    ##.....
 Shock                    Conj/Air       #...         61%         1    ##.....
 Summon Butterflies       Summ           #.......     61%         1    ##.....
 Call Imp                 Summ           #.......     75%         2    ###....
 Slow                     Hex            #.......     75%         2    ###....
 Sublimation of Blood     Necr           #.........   75%         2    ###....
 Conjure Flame            Conj/Fire      #.......     93%         3    ####...
 Ignite Poison            Fire/Tmut/Pois #.......     93%         3    ####...
 Inner Flame              Hex/Fire       #.......     93%         3    ####...
 Mephitic Cloud           Conj/Pois/Air  #.......     93%         3    ####...
 Static Discharge         Conj/Air       #.......     93%         3    ####...
 Tukima's Dance           Hex            #.......     93%         3    ####...
 Vampiric Draining        Necr           #.........   93%         3    ####...
 Airstrike                Air            #.........   100%        4    #####..
 Animate Dead             Necr           N/A          100%        4    #####..
 Cause Fear               Hex            #.........   100%        4    #####..
 Leda's Liquefaction      Hex/Erth       #.........   100%        4    #####..
 Petrify                  Tmut/Erth      #.......     100%        4    #####..
 Agony                    Necr           #.......     100%        5    ######.
 Alistair's Intoxication  Tmut/Pois      #.......     100%        5    ######.
 Irradiate                Conj/Tmut      #.........   100%        5    ######.
 Lightning Bolt           Conj/Air       #.........   100%        5    ######.
 Eringya's Noxious Bog    Tmut/Pois      #.........   100%        6    #######
 Invisibility             Hex            #.......     100%        6    #######


Dungeon Overview and Level Annotations

Branches:
Dungeon (15/15)            Temple (1/1) D:4            Lair (6/6) D:9
 Shoals (3/4) Lair:3       Spider (4/4) Lair:4        Slime (0/5) Lair:6
    Orc (2/2) D:9             Elf (0/3) Orc:2        Vaults (0/5) D:13
 Depths (0/5) D:15

Altars:
Ashenzari
Cheibriados
Dithmenos
Elyvilon
Fedhas
Gozag
Hepliaklqana
Kikubaaqudgha
Makhleb
Nemelex Xobeh
Okawaru
Qazlal
Ru
Sif Muna
Trog
Uskayaw
Vehumet
Wu Jian
Xom
Yredelemnul
Zin
The Shining One

Shops:
D:4 :   D:8 =   D:12 }   Orc:1 **?((   Orc:2 ??%[   Shoals:3 (!   Spider:2 [

Annotations:
D:10 1 runed translucent door
Lair:1 exclusion: oklob plant
Shoals:3 Polyphemus


Innate Abilities, Weirdness & Mutations

You have hooves in place of feet.
Armour fits poorly on your strangely shaped body.
You cover ground very quickly.
You have extremely tough skin. (AC +3)


Message History

You feel sick.
The wolf spider is no longer distracted by gold.
The jumping spider pounces on you but does no damage.
The jumping spider bites you.
* * * LOW HITPOINT WARNING * * *
The jumping spider leaps!
You feel sick.
The redback is no longer distracted by gold.
The jumping spider pounces on you.
* * * LOW HITPOINT WARNING * * *
The jumping spider bites you but does no damage.
* * * LOW HITPOINT WARNING * * *
You feel sick.
The jumping spider rages.
The jumping spider pounces on you.
* * * LOW HITPOINT WARNING * * *
The jumping spider barely misses you. The wolf spider barely misses you.
The wolf spider bites you!
You die...
Your body crumbles into a pile of gold.

#....^^#.....#^#............
#..#......^.#...............
###...s............#^.......
##.......#.^..#........^...
##..........................
#.....#.....................
#...^##.....^..../....<.....
#......#^.sss.....##......^.
#.....#....@..^#..........##
#.......#...#####........###
#..^........# ###^#...^...
##...##..^...)# ###.^.....
#.####...^.^## # #^......
### #...##### ....##^.....
#..## ....^^...... ####
$........... ............


You could see a wolf spider (berserk), 2 jumping spiders and a redback.

Vanquished Creatures
  Arachne (Spider:2)
  2 ghost moths
  4 emperor scorpions
  3 entropy weavers
  A dire elephant (D:15)
  An ettin (D:13)
  Snorg (D:14)
  4 merfolk impalers
  Josephine (D:13)
  10 hydras
  4 catoblepae
  3 centaur warriors
  2 alligator snapping turtles (Shoals:1)
  4 merfolk aquamancers
  8 death yaks
  2 merfolk avatars
  2 tengu warriors
  7 satyrs
  8 two-headed ogres
  4 orc high priests
  Sonja (Orc:1)
  A fire crab (Lair:6)
  3 skeletal warriors (D:13)
  6 sea snakes
  A deep troll (D:13)
  3 unseen horrors
  A lindwurm (D:13)
  A wizard (D:14)
  16 wolf spiders
  3 deep elf magi
  3 orc sorcerers (Orc:2)
  6 ugly things
  14 orb spiders
  17 fauns
  6 cyclopes
  7 manticores
  A salamander (D:15)
  4 moths of wrath
  3 black mambas
  5 elephants
  2 water nymphs
  6 merfolk sirens
  2 gargoyles (D:13)
  Joseph (D:7)
  6 spiny frogs
  2 torpor snails
  3 rime drakes
  A yaktaur (D:15)
  14 trolls
  14 demonic crawlers
  A kobold demonologist (D:15)
  3 komodo dragons
  A tengu conjurer (D:15)
  A harpy zombie (D:15)
  28 jumping spiders
  23 merfolk
  7 wind drakes
  6 hornets
  3 meliai (D:13)
  A dream sheep (shapeshifter) (D:15)
  23 blink frogs
  4 snapping turtles
  22 slime creatures
  9 hippogriffs
  13 dream sheep
  7 wraiths
  18 water elementals
  A shadow (D:15)
  47 redbacks
  16 tarantellas
  41 yaks
  A wyvern (D:7)
  A hog (shapeshifter) (D:13)
  A yak (shapeshifter) (D:15)
  A basilisk (Lair:1)
  A hungry ghost (D:14)
  Eustachio (D:4)
  Grum (D:9)
  5 steam dragons
  5 vampire mosquitoes
  A warg (Orc:2)
  3 soldier ants
  21 water moccasins
  8 porcupines
  3 sky beasts
  A swamp drake (Orc:2)
  12 orc warriors
  A phantom (D:9)
  2 eyes of draining
  4 ice beasts
  5 ogres
  3 black bears
  3 necrophages
  6 centaurs
  11 wolves
  9 crocodiles
  8 big kobolds
  17 bullfrogs
  A bullfrog (shapeshifter) (D:15)
  A wyvern zombie (D:10)
  2 scorpions
  A hornet simulacrum (D:15)
  A water moccasin skeleton (D:10)
  23 killer bees
  7 howler monkeys
  3 wights (D:5)
  5 electric eels
  2 bullfrog zombies (D:7)
  11 crimson imps
  3 quasits
  An iron imp (Orc:2)
  8 hounds
  A gnoll shaman (D:6)
  6 jellies
  20 orc priests
  3 bullfrog skeletons
  6 centaur skeletons
  16 orc wizards
  15 worker ants
  4 hell rats (Lair:3)
  A hound skeleton (D:8)
  2 hound zombies (D:10)
  11 gnolls
  10 adders
  2 shadow imps
  A white imp (Orc:2)
  6 worms
  A dart slug (D:2)
  5 leopard geckos
  60 orcs
  3 ball pythons
  4 bats
  9 giant cockroaches
  6 goblins
  6 hobgoblins
  15 jackals
  30 kobolds
  4 quokkas
  2 frilled lizards
  4 rats
  A plant (Lair:1)
958 creatures vanquished.

Vanquished Creatures (others)
  A bush (Shoals:2)
  5 fungi
  10 plants
16 creatures vanquished.

Grand Total: 974 creatures vanquished

Notes
Turn   | Place    | Note
-------+----------+-------------------------------------------
     0 | D:1      | mortelune the Centaur Hunter began the quest for the Orb.
     0 | D:1      | Reached XP level 1. HP: 17/17 MP: 1/1
   730 | D:1      | Reached XP level 2. HP: 13/24 MP: 2/2
  1346 | D:2      | Reached skill level 6 in Bows
  1390 | D:2      | Reached XP level 3. HP: 30/30 MP: 3/3
  1876 | D:2      | Reached XP level 4. HP: 37/37 MP: 4/4
  2005 | D:2      | You fall into a shaft and drop 2 floors!
  2060 | D:3      | Reached skill level 7 in Bows
  3493 | D:3      | Reached XP level 5. HP: 41/45 MP: 5/5
  4280 | D:4      | You fall into a shaft and drop 2 floors!
  4514 | D:5      | Entered Level 5 of the Dungeon
  4519 | D:5      | Found a snail-covered altar of Cheibriados.
  4581 | D:5      | Noticed an ogre
  4586 | D:5      | Reached skill level 1 in Maces & Flails
  4604 | D:6      | Reached skill level 8 in Bows
  4665 | D:6      | Reached XP level 6. HP: 23/52 MP: 6/6
  5065 | D:6      | Reached skill level 9 in Bows
  5065 | D:6      | Reached XP level 7. HP: 41/59 MP: 5/7
  5673 | D:4      | Found Zedgha's Book Shop.
  5800 | D:4      | Found a staircase to the Ecumenical Temple.
  5801 | D:4      | Noticed Eustachio
  5921 | Temple   | Entered the Ecumenical Temple
  6191 | Temple   | Became a worshipper of Gozag Ym Sagoz the Greedy
  6310 | D:4      | Killed Eustachio
  6536 | D:5      | Reached skill level 10 in Bows
  6685 | D:5      | Reached skill level 5 in Fighting
  7501 | D:7      | Reached XP level 8. HP: 58/68 MP: 8/8
  7668 | D:7      | Noticed Joseph
  8167 | D:7      | Killed Joseph
  8167 | D:7      | Reached skill level 11 in Bows
  9157 | D:8      | Found an iron altar of Okawaru.
  9194 | D:7      | Reached skill level 12 in Bows
  9208 | D:7      | Reached XP level 9. HP: 65/74 MP: 7/9
  9894 | D:7      | Reached skill level 5 in Maces & Flails
 10499 | D:8      | Found a shattered altar of Ashenzari.
 10747 | D:8      | Reached skill level 13 in Bows
 11449 | D:8      | Found a hazy altar of Hepliaklqana.
 11518 | D:9      | Noticed a green ugly thing
 11587 | D:8      | Killed a green ugly thing
 11587 | D:8      | Reached XP level 10. HP: 50/85 MP: 10/10
 11799 | D:9      | Reached skill level 14 in Bows
 11976 | D:9      | Noticed a two-headed ogre
 11993 | D:9      | Killed a two-headed ogre
 12363 | D:9      | Found a staircase to the Lair.
 12545 | D:9      | Noticed Grum
 12572 | D:9      | Killed Grum
 12693 | D:9      | Found a staircase to the Orcish Mines.
 12795 | D:9      | Found a blossoming altar of Fedhas.
 12801 | D:9      | Found an iron altar of Okawaru.
 12994 | D:10     | Entered Level 10 of the Dungeon
 13476 | Lair:1   | Entered Level 1 of the Lair of Beasts
 13542 | Lair:1   | Reached skill level 15 in Bows
 14236 | Lair:1   | Noticed a spiny frog
 14248 | Lair:1   | Killed a spiny frog
 14248 | Lair:1   | Reached XP level 11. HP: 30/95 MP: 7/11
 14751 | Lair:1   | Noticed a four-headed hydra
 14762 | Lair:1   | Killed a four-headed hydra
 14906 | Lair:1   | Reached skill level 16 in Bows
 14965 | Lair:1   | Noticed an oklob plant
 15078 | Lair:1   | Noticed a six-headed hydra
 15115 | Lair:1   | Killed a six-headed hydra
 15750 | Lair:1   | HP: 4/97 [acid (10)]
 18048 | D:10     | Noticed a two-headed ogre
 18071 | D:10     | Killed a two-headed ogre
 18282 | D:10     | Reached skill level 17 in Bows
 18347 | D:10     | Paralysed by a hornet for 2 turns
 18356 | D:10     | Paralysed by a hornet for 1 turns
 19071 | D:10     | Found a glowing golden altar of the Shining One.
 19071 | D:10     | Noticed an angel
 19072 | D:10     | Found a runed translucent door.
 19385 | D:10     | Reached skill level 10 in Fighting
 20228 | Orc:1    | Entered Level 1 of the Orcish Mines
 20263 | Orc:1    | Noticed Sonja
 20278 | Orc:1    | Killed Sonja
 20278 | Orc:1    | Reached XP level 12. HP: 79/106 MP: 9/12
 20464 | Orc:1    | You fall into a shaft and drop 1 floor!
 20464 | Orc:2    | Entered Level 2 of the Orcish Mines
 20520 | Orc:1    | Found Woreqeih's General Store.
 20687 | Orc:1    | Found Durphowno's Magic Scroll Shoppe.
 20740 | Orc:1    | Found Jimif's General Store.
 20806 | Orc:1    | Bought a scroll of acquirement for 520 gold pieces
 20818 | Orc:1    | Bought a scroll of acquirement for 520 gold pieces
 20818 | Orc:1    | Bought a scroll of acquirement for 520 gold pieces
 20824 | Orc:1    | Identified the ring of Lust {+Fly rC++ MP+9 Int+2 Dex-3}
                  | (You acquired it on level 1 of the Orcish Mines)
 20824 | Orc:1    | Identified the +4 shortbow "Wecoteta" {venom, Dex+4} (You
                  | acquired it on level 1 of the Orcish Mines)
 20885 | D:8      | Bought the ring of Robustness {AC+8} for 1792 gold pieces
 20885 | D:8      | Found the ring of Robustness {AC+8}
 21413 | Lair:3   | Found a staircase to the Shoals.
 21463 | Lair:3   | Reached skill level 18 in Bows
 21592 | Lair:3   | Reached skill level 1 in Staves
 22661 | Lair:3   | Noticed a five-headed hydra
 22690 | Lair:3   | Killed a five-headed hydra
 23383 | Lair:4   | Found a hole to the Spider Nest.
 23646 | Lair:4   | Reached skill level 19 in Bows
 24001 | Lair:4   | HP: 8/168 [poisoned by a redback]
 24006 | Lair:4   | HP: 6/168 [poisoned by a redback]
 24011 | Lair:4   | HP: 6/168 [poisoned by a redback]
 24016 | Lair:4   | HP: 8/168 [poisoned by a redback]
 24858 | Lair:5   | Reached XP level 13. HP: 67/118 MP: 8/13
 25621 | Lair:6   | Entered Level 6 of the Lair of Beasts
 25623 | Lair:6   | Found a staircase to the Slime Pits.
 26470 | Lair:6   | Reached skill level 5 in Staves
 26703 | Lair:6   | Reached skill level 20 in Bows
 27116 | Lair:6   | Reached skill level 1 in Armour
 27701 | Lair:6   | Found the +6 lightning scales {run, rElec}
 27716 | Lair:6   | Got an encrusted ring mail
 27730 | Lair:6   | Identified the cursed +0 ring mail "Maqisimu" {rC+ Slay+3
                  | SInv} (You found it on level 6 of the Lair of Beasts)
 28548 | D:11     | Found a shimmering altar of Xom.
 29306 | D:12     | Reached XP level 14. HP: 132/132 MP: 14/14
 29422 | D:12     | Found Uzupelaz's Gadget Shop.
 30480 | D:13     | Found an ornate altar of the Wu Jian Council.
 31703 | D:13     | Noticed Josephine
 31718 | D:13     | Killed Josephine
 31718 | D:13     | Reached skill level 15 in Fighting
 32514 | D:13     | Found a gate to the Vaults.
 33308 | D:14     | Reached skill level 10 in Staves
 33645 | D:14     | Reached skill level 5 in Armour
 34008 | D:14     | Noticed Snorg
 34055 | D:14     | Killed Snorg
 34064 | D:14     | Reached XP level 15. HP: 74/143 MP: 9/15
 34221 | D:14     | You fall into a shaft and drop 1 floor!
 34221 | D:15     | Entered Level 15 of the Dungeon
 34630 | D:15     | Found a stormy altar of Qazlal.
 35494 | D:15     | Found a staircase to the Depths.
 36416 | Orc:2    | Paralysed by an orc sorcerer for 7 turns
 36960 | Orc:2    | Found Lyggatan's Antique Armour Shoppe.
 36960 | Orc:2    | Found Vuur's Food Shoppe.
 36961 | Orc:2    | Found Xusufag's Magic Scroll Emporium.
 36966 | Orc:2    | Found Viothirph's Magic Scroll Emporium.
 37129 | Orc:2    | Found a staircase to the Elven Halls.
 38203 | Orc:1    | Bought 20 arrows for 44 gold pieces
 38203 | Orc:1    | Bought 29 arrows for 63 gold pieces
 38207 | Orc:1    | Bought a glowing longbow for 277 gold pieces
 38207 | Orc:1    | Bought a shimmering arbalest for 351 gold pieces
 38212 | Orc:1    | Identified the +7 arbalest "Death Rattle" {freeze, *Slow
                  | Str+6} (You bought it in a shop on level 1 of the Orcish
                  | Mines)
 38254 | D:8      | Bought the amulet of Ynodwokk {Gourm rF+ rN+ MR+} for 753
                  | gold pieces
 38254 | D:8      | Bought the ring of the Mage {Wiz MR++ Int+3} for 723 gold
                  | pieces
 38254 | D:8      | Found the ring of the Mage {Wiz MR++ Int+3}
 38372 | Shoals:1 | Entered Level 1 of the Shoals
 40145 | Shoals:2 | Learned a level 2 spell: Blink
 40149 | Shoals:2 | Learned a level 3 spell: Portal Projectile
 40152 | Shoals:2 | Learned a level 2 spell: Swiftness
 41070 | Shoals:2 | Reached skill level 1 in Translocations
 42044 | Shoals:2 | Reached XP level 16. HP: 155/155 MP: 16/16
 42535 | Shoals:3 | Noticed Polyphemus
 42966 | Shoals:3 | Found Wourerut's Antique Weapon Shoppe.
 44769 | Shoals:3 | Found Iji Teh's Distillery.
 44854 | Shoals:3 | Bought a potion of heal wounds for 60 gold pieces
 45312 | Shoals:3 | Found Xeicat's Food Boutique.
 45363 | Shoals:3 | Reached skill level 5 in Translocations
 45800 | Shoals:3 | Bought a ration for 60 gold pieces
 45800 | Shoals:3 | Bought a ration for 60 gold pieces
 45800 | Shoals:3 | Bought a ration for 60 gold pieces
 45800 | Shoals:3 | Bought a ration for 60 gold pieces
 45800 | Shoals:3 | Bought a ration for 60 gold pieces
 45800 | Shoals:3 | Bought a ration for 60 gold pieces
 45800 | Shoals:3 | Bought a ration for 60 gold pieces
 46373 | Spider:1 | Entered Level 1 of the Spider Nest
 47671 | Orc:2    | Bought a scroll of teleportation for 51 gold pieces
 47671 | Orc:2    | Bought a scroll of enchant weapon for 127 gold pieces
 47673 | Orc:2    | Bought 2 scrolls of teleportation for 96 gold pieces
 47673 | Orc:2    | Bought a scroll of teleportation for 48 gold pieces
 47673 | Orc:2    | Bought a scroll of teleportation for 48 gold pieces
 47673 | Orc:2    | Bought a scroll of teleportation for 48 gold pieces
 47673 | Orc:2    | Bought a scroll of blinking for 120 gold pieces
 47673 | Orc:2    | Bought a scroll of fear for 56 gold pieces
 47744 | Orc:1    | Bought a scroll of brand weapon for 200 gold pieces
 47767 | Orc:1    | Bought a scroll of brand weapon for 220 gold pieces
 48885 | Spider:2 | Noticed Arachne
 49485 | D:8      | Bought an uncursed ring of poison resistance for 280 gold
                  | pieces
 50418 | Spider:2 | Killed Arachne
 51646 | Spider:2 | Reached XP level 17. HP: 166/166 MP: 17/17
 54792 | Spider:4 | Entered Level 4 of the Spider Nest
 56770 | Spider:4 | Reached skill level 1 in Spellcasting
 56871 | Spider:4 | HP: 8/168 [poisoned by a wolf spider]
 56872 | Spider:4 | HP: 2/168 [jumping spider (5)]
 56872 | Spider:4 | Mangled by a wolf spider

Levels and vault maps discovered:
D:1:      elethiomel_arrival_maze, layout_basic
D:2:      layout_loops_corners, first_ration
D:3:      layout_basic, minmay_crystal_room, chequers_serial_rivers_large_a
D:4:      layout_basic, minmay_temple_entry_hall, serial_shops,
          nicolae_shop_behind_doors, uniq_eustachio
D:5:      lemuel_upstairs_altar, layout_cave_pools
D:6:      layout_loops_cross, kennysheep_big_empty_room
D:7:      layout_loops_corners, uniq_joseph
D:8:      layout_loops_ring, ashenzari_altar_1, lemuel_round_altar,
          okawaru_gym_becter
D:9:      layout_basic, grunt_temple_overflow_open, dpeg_oklobed_lair,
          orc_0_dummy, uniq_grum
D:10:     layout_basic, dk_noncrumbling_3, hangedman_pestilent_swarm,
          lemuel_angel_altar
D:11:     layout_basic, tgw_xom
D:12:     layout_basic, serial_shops, kennysheep_little_box
D:13:     layout_small_grid, david_vaults_4, serial_rivers,
          chequers_serial_rivers_micro_a, chequers_serial_rivers_small_3,
          chequers_serial_rivers_micro_c, chequers_serial_rivers_small_3,
          chequers_serial_rivers_micro_b, chequers_serial_rivers_room_a,
          basic_altar, kennysheep_generic_room_7, uniq_josephine
D:14:     layout_cave_pools, serial_park, serial_park_paths
          [serial_park_minivault_5x5_2], chequers_serial_rivers_large_b,
          uniq_snorg
D:15:     hangedman_depths_entry_try_elsewhere_first, layout_cave_pools,
          grunt_qazlal_clouds
Temple:   dpeg_five_rooms_temple
Lair:1:   layout_concentric_octagons, lemuel_fruit_tree,
          minmay_lair_oklob_chamber, grunt_megastairs_3
Lair:2:   layout_regular_city, serial_bayou_shore_a, lemuel_fruit_fields,
          grunt_megastairs_4
Lair:3:   layout_chaotic_city, elwin_shoals_entry_stream
Lair:4:   layout_roguey, nicolae_spider_entry_tight_spaces,
          lemuel_another_geyser
Lair:5:   layout_big_grid
Lair:6:   evilmike_catoblepas_cave, layout_cave_pods, minmay_slime_entry_pillars
Shoals:1: cheibrodos_shoals_baths, layout_shoals,
          nicolae_shoals_arrival_archipelago
Shoals:2: cheibrodos_shoals_satyrical_garden, layout_shoals
Shoals:3: layout_shoals, serial_shops, nicolae_shop_crystal,
          nicolae_shop_crystal, nicolae_shop_stone, nicolae_shoals_drake_roost,
          uniq_polyphemus
Spider:1: layout_spider_delve, nicolae_crawler_farm
Spider:2: layout_spider_delve, uniq_arachne
Spider:3: layout_spider_delve, nicolae_spider_cling_ruins
Spider:4: grunt_spider_rune_circles
Orc:1:    layout_diamond_mine, serial_shops, nicolae_shop_behind_doors,
          nicolae_shop_temple_entry_statues_fountains,
          nicolae_shop_behind_doors, uniq_sonja
Orc:2:    st_orc_mages, layout_caves, hangedman_minor_magic

Skill      XL: |  1  2  3  4  5  6  7  8  9 10 11 12 13 14 15 16 17 |
---------------+----------------------------------------------------+-----
Bows           | 6 7 8 9 10 12 13 15 17 19 20 | 20.2
Fighting       | 3 4 5 6 7 8 10 12 14 15 17 18 19 | 19.0
Maces & Flails | 1 2 3 4 6 7 8 9 |  9.0
Staves         | 4 7 10 12 13 | 13.0
Armour         | 2 5 6 8 |  8.7
Translocations | 2 7 9 |  9.3
Spellcasting   | 1 |  1.2
Dodging        | 2 |  2.1
Stealth        | |  0.4

Action                   |  1- 3 |  4- 6 |  7- 9 | 10-12 | 13-15 | 16-18 || total
-------------------------+-------+-------+-------+-------+-------+-------++-------
Melee: Short sword       |    36 |    98 |       |       |       |       ||   134
       Kick              |     6 |    28 |    58 |   208 |   337 |   154 ||   791
       Whip              |       |    92 |   250 |   553 |       |       ||   895
       Lajatang          |       |       |       |   231 |  1040 |   488 ||  1759
 Fire: Shortbow          |    54 |    96 |   234 |   609 |    91 |       ||  1084
       Longbow           |       |       |       |       |   501 |   433 ||   934
Invok: Potion Petition   |       |       |       |     2 |       |       ||     2
       Call Merchant     |       |       |       |     1 |     2 |     1 ||     4
Evoke: Wand              |       |       |       |     5 |       |       ||     5
  Use: Scroll            |       |     7 |       |    20 |     8 |    11 ||    46
       Potion            |       |       |       |     4 |     1 |     8 ||    13
 Stab: Distracted        |       |       |     1 |       |     5 |     1 ||     7
       Petrified         |       |       |       |       |     1 |       ||     1
  Eat: Chunk             |     2 |     8 |     3 |       |       |       ||    13
       Ration            |       |       |     4 |    10 |    14 |    13 ||    41
Armor: Leather armour    |     4 |       |       |       |       |       ||     4
       Scale mail        |     6 |   120 |   145 |   465 |   115 |   251 ||  1102
       Ring mail         |       |       |       |       |   416 |   297 ||   713
Dodge: Dodged            |    18 |    82 |   143 |   323 |   383 |   344 ||  1293

Table legend:
 A = Non-vault XP
 B = Vault XP
 C = Vault XP percentage of total XP
 D = Non-vault monster count
 E = Vault monster count
 F = Vault count percentage of total count
                 A         B        C        D         E       F
            +---------+---------+-------+---------+---------+-------
      Total |  194668 |   54103 |  21.7 |     793 |     164 |  17.1
            +---------+---------+-------+---------+---------+-------
        D:1 |      15 |       0 |   0.0 |       8 |       0 |   0.0
        D:2 |     124 |       0 |   0.0 |      28 |       0 |   0.0
        D:3 |     105 |       0 |   0.0 |      35 |       0 |   0.0
        D:4 |      48 |     182 |  79.1 |       9 |       1 |  10.0
        D:5 |     345 |       0 |   0.0 |      11 |       0 |   0.0
        D:6 |     600 |       0 |   0.0 |      13 |       0 |   0.0
        D:7 |    1567 |     423 |  21.3 |      37 |       1 |   2.6
        D:8 |    2193 |       0 |   0.0 |      35 |       0 |   0.0
        D:9 |    2495 |     753 |  23.2 |      23 |       6 |  20.7
       D:10 |    4178 |     486 |  10.4 |      46 |       4 |   8.0
       D:11 |    3647 |     858 |  19.0 |      32 |       6 |  15.8
       D:12 |    6157 |       0 |   0.0 |      27 |       0 |   0.0
       D:13 |   16114 |    5759 |  26.3 |      47 |      11 |  19.0
       D:14 |   11297 |    1106 |   8.9 |      34 |       1 |   2.9
       D:15 |   11297 |    3273 |  22.5 |      40 |       4 |   9.1
     Lair:1 |    5106 |     450 |   8.1 |      17 |       3 |  15.0
     Lair:2 |    3564 |     107 |   2.9 |      17 |       1 |   5.6
     Lair:3 |    5728 |    1419 |  19.9 |      23 |       5 |  17.9
     Lair:4 |    7391 |    1641 |  18.2 |      13 |       7 |  35.0
     Lair:5 |    6091 |       0 |   0.0 |      25 |       0 |   0.0
     Lair:6 |    7540 |   11502 |  60.4 |      27 |      27 |  50.0
   Shoals:1 |    8132 |    2286 |  21.9 |      18 |       6 |  25.0
   Shoals:2 |   13202 |    4446 |  25.2 |      27 |       7 |  20.6
   Shoals:3 |   21913 |    5831 |  21.0 |      43 |      13 |  23.2
   Spider:1 |    8594 |    2132 |  19.9 |      23 |       7 |  23.3
   Spider:2 |   18075 |    3494 |  16.2 |      45 |       1 |   2.2
   Spider:3 |   17322 |       0 |   0.0 |      44 |       0 |   0.0
   Spider:4 |    6661 |       0 |   0.0 |      18 |       0 |   0.0
      Orc:1 |    1799 |    2633 |  59.4 |       8 |       6 |  42.9
      Orc:2 |    3368 |    5322 |  61.2 |      20 |      47 |  70.1
            +---------+---------+-------+---------+---------+-------
